AoeStats
← MooseMooch

Arabia

509048752Analyzed
1v1 RM · 8d ago on Sep 25, 2026· 42m 30s· 2 players
Game mode
Random Map
Map size
Tiny (2 player)
Population
200
Speed
Normal
Resources
Standard
Victory
Conquest
Starting age
Dark Age
Ending age
Imperial Age
RankedLock teamsTeams togetherTeam positionsShared explorationLock speedFull tech treeHidden civsTurbo modeCheats
Victory
Defeat
🇩🇪 Portuguese · Germany
1301
+13
🇩🇪 Danes · Germany
1233
-13
MooseMooch
7:09 Loom
9:40 Feudal Age
10:15 Double-Bit Axe
13:18 Fletching
20:51 Castle Age
18:50 Horse Collar
21:19 Wheelbarrow
20:56 Crossbowman
22:20 Bow Saw
22:53 Heavy Plow
25:29 Bodkin Arrow
27:17 Ballistics
33:16 Imperial Age
31:41 Stone Mining
31:43 Gold Mining
32:04 Thumb Ring
32:59 Padded Archer Armor
34:01 Bracer
35:03 Chemistry
34:27 Arbalester
36:22 Leather Archer Armor
37:28 Ring Archer Armor
37:04 Scale Barding Armor
37:07 Siege Engineers
37:27 Conscription
37:24 Husbandry
37:35 Bloodlines
36:46 Light Cavalry
38:59 Masonry
39:30 Chain Barding Armor
39:29 Hand Cart
40:40 Plate Barding Armor
40:16 Forging
42:41 Iron Casting
Furor_Teutonicus
6:10 Loom
8:58 Feudal Age
9:07 Man-at-Arms
19:55 Castle Age
17:48 Horse Collar
18:00 Gold Mining
18:49 Double-Bit Axe
19:44 Fletching
21:15 Bow Saw
24:28 Elite Skirmisher
27:06 Gold Shaft Mining
27:27 Stone Mining
28:16 Wheelbarrow
28:48 Bodkin Arrow
29:01 Heavy Plow
30:01 Scale Mail Armor
30:03 Town Watch
31:01 Chain Mail Armor
31:26 Ballistics
31:34 Gambesons
32:12 Hand Cart
31:59 Padded Archer Armor
33:02 Leather Archer Armor
32:58 Forging
32:54 Squires
38:25 Imperial Age
37:05 Iron Casting
36:58 Masonry
39:13 Stone Shaft Mining
38:39 Hamask
39:23 Elite Varangian Guard
40:49 Bracer
41:53 Ring Archer Armor
Connection lost

Rejoining the realm…

Still unreachable

The connection could not be restored.

Session expired

The server has moved on; the page needs a fresh start.